 Dungeon Crawl Stone Soup version 0.20.1-1-g8b1a95d (console) character file.

46 hilaritas the Ducker (level 3, -2/45 HPs)
             Began as a Merfolk Berserker on Feb 21, 2018.
             Was a Believer of Trog.
             Slain by a gnoll
             ... wielding a +0 club
              (3 damage)
             ... on level 3 of the Dungeon.
             The game lasted 00:03:36 (1564 turns).

hilaritas the Ducker (Merfolk Berserker)            Turns: 1564, Time: 00:03:37

Health: -2/45      AC:  4    Str: 23    XL:     3   Next: 66%
Magic:  3/3        EV: 14    Int:  6    God:    Trog [**....]
Gold:   96         SH:  0    Dex: 13    Spells: 2/2 levels left

rFire    . . .     SeeInvis .   a - +1 falchion
rCold    . . .     Gourm    .   (no shield)
rNeg     . . .     Faith    .   b - +0 animal skin
rPois    .         Spirit   .   (no helmet)
rElec    .         Reflect  .   f - scarf {repulsion}
rCorr    .         Harm     .   d - +1 pair of gloves
MR       .....                  (no boots)
Stlth    ..........             (no amulet)
Regen    0.2/turn               (no ring)
MPRegen  0.1/turn               (no ring)

@: berserking, repel missiles, very quick
A: change form in water, swift swim, stealthy swim
a: Berserk, Trog's Hand, Burn Spellbooks, Renounce Religion


You were on level 3 of the Dungeon.
You worshipped Trog.
Trog was pleased with you.
You were very hungry.

You visited 1 branch of the dungeon, and saw 3 of its levels.

You collected 96 gold pieces.

Inventory:

Hand Weapons
 a - a +1 falchion (weapon)
Armour
 b - a +0 animal skin (worn)
 d - a +1 pair of gloves (worn)
 e - a +0 cloak
 f - a scarf of repulsion (worn)
Scrolls
 g - 2 scrolls of identify
 h - a scroll of remove curse
Potions
 i - a potion of agility
 j - a potion of mutation
 l - a potion of ambrosia
 m - a potion of heal wounds {unknown}
Comestibles
 c - 3 bread rations
 k - a royal jelly


   Skills:
 + Level 4.1 Fighting
 - Level 3.2 Long Blades
 - Level 1.3 Armour
 * Level 4.2 Dodging


You had 2 spell levels left.
You didn't know any spells.

Dungeon Overview and Level Annotations

Branches:
Dungeon (3/15)

Altars:


Message History

The gnoll hits you from afar with a spear.
The gnoll completely misses you.
The gnoll hits you from afar with a spear.
The gnoll hits you from afar with a spear.
A red film seems to cover your vision as you go berserk!
You feel yourself moving faster!
You feel mighty!
You are feeling very hungry.
The gnoll hits you but does no damage. The gnoll barely misses you.
You closely miss the gnoll. The gnoll closely misses you.
You barely miss the gnoll.
The gnoll hits you from afar with a spear.
* * * LOW HITPOINT WARNING * * *
The gnoll hits you with a club.
* * * LOW HITPOINT WARNING * * *
You hit the gnoll but do no damage. The gnoll hits you but does no damage.
You completely miss the gnoll. The gnoll closely misses you.
The gnoll hits you from afar with a spear.
* * * LOW HITPOINT WARNING * * *
You closely miss the gnoll. The gnoll hits you with a club.
You die...

######### #.......#
#.#####.#
#.#####.########
#.##...........#
#.##.##.##.#.#.#
#.##.##.##.#.#.#
#..........#...#######
####.#####.###........
#.#####.###.#######
#.@gg##.....#######
#.##g##.####.......
#.......#<.........
###..####..........
#.## #.......... #.
#.........# #.
#.>........ #.
####....... #.
###..... ##.#.# .#..


You could see 3 gnolls.

Vanquished Creatures
  An adder (D:3)
  A dart slug (D:1)
  3 leopard geckos
  An orc (D:2)
  A giant cockroach (D:1)
  3 goblins (D:1)
  7 hobgoblins
  A jackal (D:1)
  A ball python (D:1)
  2 bats
  2 frilled lizards
  3 kobolds
  5 rats
31 creatures vanquished.

Notes
Turn   | Place    | Note
-------+----------+-------------------------------------------
     0 | D:1      | hilaritas the Merfolk Berserker began the quest for the Orb.
     0 | D:1      | Reached XP level 1. HP: 18/18 MP: 1/1
   260 | D:1      | Reached XP level 2. HP: 10/24 MP: 2/2
   783 | D:1      | Reached XP level 3. HP: 27/30 MP: 3/3
   949 | D:2      | Reached ** piety under Trog
  1561 | D:3      | HP: 3/45 [gnoll/club (4)]
  1563 | D:3      | HP: 1/45 [gnoll/spear (2)]
  1564 | D:3      | Slain by a gnoll

Skill      XL: |  1  2  3 |
---------------+----------+-----
Dodging        | 3 4 |  4.2
Fighting       | 4 |  4.1
Long Blades    | |  3.2
Armour         | |  1.3

Action                   || total
-------------------------++-------
Melee: Falchion          ||    90
Invok: Berserk           ||     2
  Use: Scroll            ||     9
 Stab: Sleeping          ||     1
  Eat: Chunk             ||     3
Armor: Animal skin       ||    22
Dodge: Dodged            ||    75
       Rpst.: Falchion   ||    19
